 Dungeon Crawl Stone Soup version 0.27.1-1-g398f81649c (webtiles) character file.

Game seed: 4882914521962472429

20198 ZARRMARR the Blocker (level 12, -2/78 HPs)
             Began as an Octopode Conjurer on Sept 11, 2021.
             Was a Believer of Sif Muna.
             Killed from afar by an electric eel (13 damage)
             ... with a bolt of electricity
             ... on level 4 of the Lair of Beasts.
             The game lasted 02:33:10 (23491 turns).

ZARRMARR the Blocker (Octopode Conjurer)           Turns: 23491, Time: 02:33:11

Health: -2/78      AC:  1    Str: 13    XL:     12   Next: 77%
Magic:  18/18      EV: 14    Int: 31    God:    Sif Muna [**....]
Gold:   908        SH: 12    Dex: 10    Spells: 11/19 levels left

rFire    . . .     SeeInvis +   t - +9 dagger
rCold    . . .     Faith    .   i - +0 kite shield
rNeg     + + .     Spirit   .   (helmet restricted)
rPois    .         Reflect  .   d - amulet of regeneration
rElec    .         Harm     .   a - ring of see invisible
rCorr    .         Rampage  .   k - ring of positive energy
Will     .....                  J - +6 ring of intelligence
Stlth    +++++.....             K - +6 ring of strength
HPRegen  1.23/turn              D - ring of positive energy
MPRegen  0.16/turn              (no ring)
                                (no ring)
                                (no ring)

@: no status effects
A: almost no armour, amphibious, 8 rings, camouflage 1, gelatinous body 1,
(nimble swimmer 1), tentacles
a: Renounce Religion, Channel Magic


You were on level 4 of the Lair of Beasts.
You worshipped Sif Muna.
Sif Muna was pleased with you.
You visited 3 branches of the dungeon, and saw 16 of its levels.
You also visited: Sewer and Bailey.

You collected 1160 gold pieces.
You spent 252 gold pieces at shops.

Inventory:

Hand Weapons
 f - the +4 quarterstaff of Equecw {antimagic, rElec Int+2}
   (You bought it in a shop on level 5 of the Dungeon)

   It reduces the magical energy of the wielder, and disrupts the spells and
   magical abilities of those it strikes.
   Natural abilities and divine invocations are not affected.
   Int:       It affects your intelligence (+2).
   rElec:     It insulates you from electricity.
 t - a +9 dagger (weapon)
 x - the +8 hand axe of Gaomanao {venom, Dex+4}
   (You found it on level 4 of the Dungeon)

   It poisons the flesh of those it strikes.
   Dex:       It affects your dexterity (+4).
Missiles
 o - 6 curare-tipped darts (quivered)
 G - 5 atropa-tipped darts
Armour
 i - a +0 kite shield (worn)
Magical Staves
 j - a staff of poison
 E - a staff of fire
Jewellery
 a - a ring of see invisible (left tentacle)
 d - an amulet of regeneration (around mantle)
 k - a ring of positive energy (right tentacle)
 v - a ring of flight
 D - a ring of positive energy (on tentacle)
 J - a +6 ring of intelligence (on tentacle)
 K - a +6 ring of strength (on tentacle)
Wands
 n - a wand of digging (5)
 u - a wand of charming (2)
 C - a wand of flame (7)
 L - a wand of polymorph (7)
 N - a wand of paralysis (7)
 Q - a wand of acid (5)
 R - a wand of iceblast (8)
Scrolls
 b - 2 scrolls of magic mapping
 e - a scroll of torment {unknown}
 h - 5 scrolls of immolation
 r - 2 scrolls of fog {unknown}
 w - 3 scrolls of enchant armour
 y - a scroll of silence {unknown}
 z - 3 scrolls of amnesia {unknown}
 B - 3 scrolls of noise
 H - 3 scrolls of teleportation
Potions
 c - 2 potions of cancellation {unknown}
 g - a potion of berserk rage {unknown}
 l - a potion of flight {unknown}
 m - 2 potions of haste {unknown}
 p - 2 potions of mutation {unknown}
 q - 7 potions of curing
 s - a potion of invisibility {unknown}
 A - a potion of brilliance {unknown}
 F - a potion of degeneration {unknown}
 I - a potion of magic
 O - a potion of ambrosia {unknown}
 P - a potion of lignification {unknown}
Miscellaneous
 M - a box of beasts


   Skills:
 - Level 5.9 Fighting
 - Level 6.5 Dodging
 - Level 9.2 Stealth
 * Level 13.1 Shields
 - Level 4.1 Spellcasting
 + Level 6.5 Conjurations
 - Level 7.1 Translocations
 - Level 3.6 Invocations
 - Level 6.3 Evocations


You had 11 spell levels left.
You knew the following spells:

 Your Spells              Type           Power      Damage    Failure   Level
a - Magic Dart            Conj           100%       1d8       1%          1
b - Searing Ray           Conj           92%        3d6       1%          2
c - Apportation           Tloc           100%       N/A       1%          1
d - Fulminant Prism       Conj/Hex       13%        3d9       21%         4

Your spell library contained the following spells:

 Spells                   Type           Power      Damage    Failure   Level
 Foxfire                  Conj/Fire      100%       2x1d9     1%          1
 Iskenderun's Mystic Bla  Conj/Tloc      48%        2d11      4%          4
 Conjure Flame            Conj/Fire      26%        6-21      6%          3
 Dazzling Flash           Conj/Hex       52%        N/A       6%          3
 Animate Skeleton         Necr           12%        N/A       8%          1
 Corona                   Hex            6%         N/A       8%          1
 Summon Small Mammal      Summ           24%        N/A       8%          1
 Ensorcelled Hibernation  Hex/Ice        12%        N/A       12%         2
 Sublimation of Blood     Necr           3%         N/A       12%         2
 Iskenderun's Battlesphe  Conj           46%        2d10      14%         5
 Call Canine Familiar     Summ           6%         N/A       22%         3
 Inner Flame              Hex/Fire       6%         N/A       22%         3
 Summon Guardian Golem    Hex/Summ       6%         N/A       22%         3
 Tukima's Dance           Hex            6%         N/A       22%         3
 Iron Shot                Conj/Erth      13%        9d3       97%         6
 Death Channel            Necr           3%         N/A       100%        6
 Spellforged Servitor     Conj/Summ      13%        N/A       100%        7


Dungeon Overview and Level Annotations

Branches:
Dungeon (11/15)            Temple (1/1) D:7            Lair (4/6) D:10
  Swamp (0/4) Lair:4          Orc (0/2) D:10          Sewer (visited)
 Bailey (visited)
  Snake: Lair:2-4    Spider: Lair:2-4

Altars:
Ashenzari
Cheibriados
Dithmenos
Elyvilon
Fedhas
Gozag
Hepliaklqana
Kikubaaqudgha
Makhleb
Nemelex Xobeh
Okawaru
Qazlal
Ru
Sif Muna
Trog
Uskayaw
Vehumet
Wu Jian
Xom
Yredelemnul
Zin
The Shining One

Shops:
D:5 (

Annotations:
D:5 exclusion: downstairs
D:7 exclusion: downstairs
D:10 exclusion: downstairs
D:11 exclusion: gargoyle
Lair:2 exclusion: 2 downstairs
Lair:4 exclusions: bullfrog, komodo dragon, water moccasin and 6 yaks


Innate Abilities, Weirdness & Mutations

You cannot wear most types of armour.
You are amphibious.
You can wear up to eight rings at the same time.
Your skin changes colour to match your surroundings (Stealth+).
Your rubbery body absorbs attacks. (AC +1, EV +1)
((You are camouflaged near water. (Stealth+)))
You have tentacles for arms and can constrict up to eight enemies at once.


Message History

Unknown command.
Found 7 gold pieces.
Casting: Apportation (safe; 1% risk of failure)
Confirm with . or Enter, or press ? or * to list all spells.
Aiming: Apportation (safe; 1% risk of failure)
Press: ? - help, Dir - move target Apport: 7 gold pieces Yoink!
You pull the items towards yourself.
You now have 908 gold pieces (gained 7).
An electric eel comes into view.
An electric eel comes into view.
Found a staircase to the Swamp. 2 electric eels come into view.
An electric eel comes into view.
The electric eel shoots out a bolt of lightning at you!
The bolt of electricity hits the electric eel.
The electric eel completely resists.
The bolt of electricity hits you!
The electric eel shoots out a bolt of lightning at you!
The bolt of electricity hits you!
The electric eel shoots out a bolt of lightning at you!
The bolt of electricity hits you!
The electric eel shoots out a bolt of lightning at you!
The bolt of electricity hits the electric eel.
The electric eel completely resists.
The bolt of electricity hits you!
The electric eel shoots out a bolt of lightning at you!
The bolt of electricity hits you!
The electric eel shoots out a bolt of lightning at you!
The bolt of electricity misses you.
The electric eel shoots out a bolt of lightning at you!
The bolt of electricity hits the electric eel.
The electric eel completely resists.
The bolt of electricity hits you.
* * * LOW HITPOINT WARNING * * *
Unknown command.
Unknown command.
The electric eel shoots out a bolt of lightning at you!
The bolt of electricity hits you!
* * * LOW HITPOINT WARNING * * *
The electric eel shoots out a bolt of lightning at you!
The bolt of electricity hits you!
You die...

.......................
......................
#...................
#..............##<..
#....#.####.....##..
##..#### #......###.
#..## #.....## #. #...#
##....# ## #.@.# #....#
#..## #..#P# #..##
###### ..####...#####
.............#
............P#
............##
#...§§;;....#
#...≈§§;≈..##


You could see 2 electric eels.

Vanquished Creatures
  A boulder beetle (Lair:2)
  A hydra (Lair:2)
  A two-headed ogre (D:10)
  A death yak (Lair:3)
  Nergalle (D:10)
  Pikel (D:7)
  A cyclops (D:8)
  A torpor snail (Lair:3)
  5 black mambas
  Maggie (D:7)
  An unseen horror (D:10)
  A gargoyle (D:10)
  A cane toad (Lair:1)
  2 rime drakes
  4 komodo dragons
  2 hornets
  4 blink frogs (Lair:2)
  Sigmund (D:6)
  A wyvern (Lair:3)
  A vampire (D:11)
  A shadow (D:10)
  A spriggan (Lair:3)
  15 yaks
  4 basilisks
  2 steam dragons
  2 wargs (D:10)
  3 acid dragons
  7 water moccasins
  Purgy (Sewer)
  6 orc warriors
  2 sky beasts
  4 black bears
  A necrophage (D:4)
  6 wolves
  2 ogres (D:6)
  3 centaurs
  4 lemures (D:7)
  A phantom (D:6)
  2 elf zombies (D:7)
  9 bullfrogs
  A wyvern zombie (D:8)
  A kobold brigand (D:6)
  A scorpion (D:6)
  A gnoll sergeant (D:10)
  2 elf skeletons (D:7)
  A water moccasin skeleton (D:6)
  4 wights (D:9)
  2 hounds (D:5)
  2 centaur zombies
  3 jellies
  4 centaur skeletons
  2 gnoll shamans (D:6)
  6 orc priests
  Crazy Yiuf (D:5)
  A bullfrog skeleton (D:7)
  Ijyb (D:3)
  3 iguanas
  10 orc wizards
  6 hell rats
  A killer bee zombie (D:9)
  12 gnolls
  8 adders
  3 white imps (D:6)
  An ufetubus (D:4)
  3 worms
  2 dart slugs
  28 orcs
  6 endoplasms
  3 giant cockroaches
  8 goblins
  7 hobgoblins
  16 kobolds
  3 quokkas
  3 ball pythons
  7 bats
  5 frilled lizards
  2 orc skeletons (D:7)
  3 rats
281 creatures vanquished.

Vanquished Creatures (collateral kills)
  3 yaks
  A wolf (Lair:3)
  A hell rat (Lair:3)
5 creatures vanquished.

Vanquished Creatures (others)
  An orc knight (Bailey)
  A yak (Lair:2)
  An orc warrior (Bailey)
  2 adders (D:3)
  A giant cockroach (D:3)
  A hobgoblin (D:3)
  A frilled lizard (D:3)
  A goblin (D:3)
  A kobold (D:3)
  2 rats (D:3)
  6 bushes (Lair:3)
  A fulminant prism (Sewer)
  21 fungi
  39 plants
  3 toadstools (D:5)
82 creatures vanquished.

Grand Total: 368 creatures vanquished

Notes
Turn   | Place    | Note
-------+----------+-------------------------------------------
     0 | D:1      | ZARRMARR the Octopode Conjurer began the quest for the Orb.
     0 | D:1      | Reached XP level 1. HP: 11/11 MP: 3/3
   312 | D:1      | Reached XP level 2. HP: 18/18 MP: 1/5
  1189 | D:2      | Reached skill level 1 in Fighting
  1286 | D:2      | Reached XP level 3. HP: 21/23 MP: 0/6
  1503 | D:2      | Found a faded altar of an unknown god.
  1885 | D:2      | Reached skill level 1 in Shields
  1885 | D:2      | Reached XP level 4. HP: 28/28 MP: 5/7
  2165 | D:3      | Found a glowing drain.
  2169 | Sewer    | Entered a sewer
  2211 | Sewer    | Noticed Purgy
  2229 | Sewer    | Learned a level 2 spell: Searing Ray
  2941 | Sewer    | Learned a level 4 spell: Fulminant Prism
  3990 | Sewer    | Killed Purgy
  3991 | Sewer    | Reached skill level 2 in Shields
  3991 | Sewer    | Reached skill level 1 in Evocations
  3991 | Sewer    | Reached XP level 5. HP: 23/34 MP: 3/9
  4226 | D:3      | Noticed Ijyb
  4246 | D:3      | Killed Ijyb
  4804 | D:3      | Found a shimmering altar of Xom.
  4939 | D:3      | Found a snail-covered altar of Cheibriados.
  5310 | D:4      | Reached XP level 6. HP: 34/39 MP: 2/10
  5375 | D:4      | Got the Catalogue of Rationality
  5477 | D:4      | Noticed a necrophage
  5484 | D:4      | Killed a necrophage
  5567 | D:4      | Identified the +8 hand axe of Gaomanao {venom, Dex+4}
  6135 | D:5      | Entered Level 5 of the Dungeon
  6224 | D:5      | Noticed a black bear
  6386 | D:5      | Found a glowing silver altar of Zin.
  6456 | D:5      | Noticed a black bear
  6567 | D:5      | Reached skill level 3 in Shields
  6623 | D:5      | Reached XP level 7. HP: 45/45 MP: 5/11
  6689 | D:5      | Found Ixyrela's Antique Weapon Shop.
  7150 | D:6      | Noticed a steam dragon
  7177 | D:6      | Reached skill level 5 in Stealth
  8212 | D:6      | Reached skill level 4 in Shields
  8212 | D:6      | Reached XP level 8. HP: 45/52 MP: 5/13
  8606 | D:6      | Learned a level 1 spell: Apportation
  8749 | D:6      | Reached skill level 5 in Shields
  8841 | D:6      | Found a stormy altar of Qazlal.
  8841 | D:6      | Found a burning altar of Makhleb.
  8849 | D:6      | Found a faded altar of an unknown god.
  8851 | D:6      | Found an opulent altar of Gozag.
  8853 | D:6      | Found a hide-covered altar of Uskayaw.
  9119 | D:6      | Noticed Sigmund
  9196 | D:7      | Noticed a hornet
  9202 | D:7      | HP: 2/54 [hornet (1)]
  9205 | D:7      | Reached skill level 1 in Translocations
  9216 | D:7      | Noticed Maggie
  9224 | D:7      | Found a flagged portal.
  9231 | Bailey   | Entered a bailey
  9278 | Bailey   | Reached XP level 9. HP: 37/58 MP: 5/15
  9391 | Bailey   | Noticed an orc knight
  9442 | Bailey   | Killed an orc warrior
  9443 | Bailey   | Reached skill level 5 in Dodging
  9443 | Bailey   | Reached skill level 6 in Shields
  9489 | Bailey   | Identified the +1 helmet "Xockulys" {-Tele rN+ MP+9}
  9704 | D:7      | Paralysed by a hornet for 2 turns
  9707 | D:7      | HP: 2/59 [hornet (9)]
  9716 | D:7      | Killed a hornet
  9753 | D:7      | Noticed Pikel
  9976 | D:7      | Killed Pikel
  9977 | D:7      | Reached skill level 5 in Evocations
 10104 | D:7      | Found a staircase to the Ecumenical Temple.
 10112 | Temple   | Entered the Ecumenical Temple
 10213 | Temple   | Became a worshipper of Sif Muna the Loreminder
 10645 | D:8      | Reached skill level 7 in Shields
 10726 | D:8      | Noticed a cyclops
 10734 | D:8      | Reached skill level 1 in Invocations
 10735 | D:8      | HP: 2/60 [cyclops/large rock (26)]
 10916 | D:5      | Reached skill level 5 in Fighting
 10916 | D:5      | Reached XP level 10. HP: 15/66 MP: 10/16
 10988 | D:5      | Bought a crude quarterstaff for 252 gold pieces
 10988 | D:5      | Identified the +4 quarterstaff of Equecw {antimagic, rElec
                  | Int+2} (You bought it in a shop on level 5 of the Dungeon)
 11124 | D:5      | Found a runed translucent door.
 11125 | D:5      | Noticed Crazy Yiuf
 11132 | D:5      | Killed Crazy Yiuf
 11727 | D:6      | Found a stormy altar of Qazlal.
 11727 | D:6      | Found a burning altar of Makhleb.
 11734 | D:6      | Found a faded altar of an unknown god.
 11736 | D:6      | Found an opulent altar of Gozag.
 11738 | D:6      | Found a hide-covered altar of Uskayaw.
 11904 | D:6      | Killed Sigmund
 12026 | D:7      | Killed Maggie
 12044 | D:7      | Found a radiant altar of Vehumet.
 12141 | D:7      | Reached * piety under Sif Muna
 12502 | D:8      | Killed a cyclops
 12667 | D:8      | Found a broken altar of Ashenzari.
 12971 | D:9      | Reached skill level 8 in Shields
 13991 | D:10     | Entered Level 10 of the Dungeon
 14038 | D:10     | Noticed a gargoyle
 14542 | D:10     | Reached XP level 11. HP: 32/72 MP: 17/17
 14699 | D:10     | Found a staircase to the Lair.
 14727 | D:10     | Noticed Nergalle
 14784 | D:10     | Noticed a two-headed ogre
 14795 | D:10     | Killed a two-headed ogre
 14796 | D:10     | Reached skill level 9 in Shields
 14796 | D:10     | Reached skill level 5 in Translocations
 14797 | D:10     | Killed Nergalle
 15417 | D:10     | Found a staircase to the Orcish Mines.
 16067 | D:10     | Reached skill level 10 in Shields
 16167 | Lair:1   | Entered Level 1 of the Lair of Beasts
 17806 | Lair:1   | HP: 2/72 [black mamba (17)]
 18180 | Lair:2   | Reached ** piety under Sif Muna
 18182 | Lair:2   | Noticed a seven-headed hydra
 18184 | Lair:2   | Reached skill level 11 in Shields
 18189 | Lair:2   | Killed a seven-headed hydra
 18349 | Lair:2   | Reached XP level 12. HP: 78/78 MP: 13/18
 19343 | Lair:3   | Noticed a boulder beetle
 19658 | Lair:2   | Killed a boulder beetle
 19695 | Lair:2   | Reached skill level 12 in Shields
 19695 | Lair:2   | Reached skill level 5 in Conjurations
 21447 | Lair:3   | Paralysed by a spriggan for 3 turns
 21459 | Lair:3   | Paralysed by a spriggan for 2 turns
 21708 | Lair:3   | Noticed a death yak
 21875 | Lair:3   | Killed a death yak
 22286 | Lair:3   | Reached skill level 13 in Shields
 23485 | Lair:4   | Found a staircase to the Swamp.
 23491 | Lair:4   | Killed from afar by an electric eel

Illustrated notes

Levels and vault maps discovered:
D:1:      nicolae_arrival_washed_ashore, layout_loops_corners,
          minmay_hedge_maze, st_stairs_8
D:2:      layout_basic, dreamdust_ecumenical_altar_angels_and_demons,
          hex_intersection, grunt_ministairs_7
D:3:      layout_loops_ring, xom_confusion_cloud, slow_altar_2,
          gup_sewer_entry_bowl, uniq_ijyb
D:4:      layout_basic
D:5:      layout_loops_ring, zin_statuary, serial_shops,
          nicolae_shop_window_shopping, fountainhead, minmay_gold_behind_fungi,
          eino_tiny_chamber, kennysheep_generic_room_6, uniq_crazy_yiuf_cottage
D:6:      layout_basic, chequers_temple_overflow_minitemple, grunt_potential,
          uniq_sigmund
D:7:      layout_rooms, nicolae_vehumet_radiance,
          minmay_temple_entry_proselytizer, enter_bailey_2,
          nicolae_ossuary_entry_catacombs, uniq_maggie, uniq_pikel
D:8:      layout_loops_ring, kennysheep_mini_moat
D:9:      layout_roguey, minmay_misc_feat_five
D:10:     layout_grid_maze, erik_lair_orcish_takeover, orc_0_dummy,
          uniq_nergalle
D:11:     minmay_the_grid_octo_tiled_octocenter [minmay_the_grid_octo_teeth,
          minmay_the_grid_octo_checkered, minmay_the_grid_octo_fat_diamond,
          minmay_the_grid_octo_clover_2,
          minmay_the_grid_octo_prize_square_snowflake,
          minmay_the_grid_square_5x5_bracketed,
          minmay_the_grid_square_5x5_longway,
          minmay_the_grid_square_5x5_trominoes,
          minmay_the_grid_square_5x5_minivault], layout_gridville,
          nicolae_ashenzari_skybound
Temple:   dshaligram_water_room_temple
Lair:1:   layout_concentric_octagons, grunt_megastairs_3
Lair:2:   layout_hall_layers, lemuel_fruit_tree
Lair:3:   layout_cellular_growth, grunt_forest_large_clearing_hut,
          lemuel_fruit_fields
Lair:4:   layout_gridlike, minmay_swamp_entry_eels, guppyfry_snake_entry_island,
          serial_bayou_lake_a

Skill      XL: |  1  2  3  4  5  6  7  8  9 10 11 12 |
---------------+-------------------------------------+-----
Stealth        | 3 4 5 6 8 9 |  9.2
Fighting       | 1 2 3 4 5 |  5.9
Shields        | 1 2 3 4 5 7 8 11 13 | 13.1
Evocations     | 1 2 3 4 5 6 |  6.3
Dodging        | 3 4 5 6 |  6.5
Spellcasting   | 3 4 |  4.1
Translocations | 1 3 4 7 |  7.1
Invocations    | 1 3 |  3.6
Conjurations   | 6 |  6.5

Action                   |  1- 3 |  4- 6 |  7- 9 | 10-12 || total
-------------------------+-------+-------+-------+-------++-------
Melee: Unarmed           |     4 |       |       |       ||     4
       Tentacles         |     4 |     6 |    10 |    54 ||    74
       Constrict         |     3 |     4 |    10 |    37 ||    54
       Staff             |     8 |    30 |       |       ||    38
       Dagger            |       |     9 |    41 |    95 ||   145
       Hand axe          |       |       |    15 |   148 ||   163
Throw: Dart              |       |       |       |     3 ||     3
 Cast: Magic Dart        |    58 |    81 |    44 |    40 ||   223
       Searing Ray       |       |    32 |    58 |   111 ||   201
       Fulminant Prism   |       |     1 |       |       ||     1
       Apportation       |       |       |     9 |    56 ||    65
Evoke: Wand              |       |     3 |    32 |    54 ||    89
  Use: Scroll            |     2 |     3 |     7 |     9 ||    21
       Potion            |       |     2 |     4 |     3 ||     9
 Stab: Sleeping          |       |     4 |    13 |    27 ||    44
Armor: Skin              |     1 |     5 |     3 |     8 ||    17
Dodge: Dodged            |     5 |    51 |    89 |   196 ||   341
Block: Kite shield       |       |       |       |   181 ||   181
